 Dungeon Crawl Stone Soup version 0.29.1-15-g9cfb28693d (webtiles) character file.

Game seed: 4796642767614142486

23 leafyfresh the Ducker (level 3, 0/23 HPs)
             Began as an Octopode Wanderer on Mar 5, 2023.
             Slain by a ball python (1 damage)
             ... on level 2 of the Dungeon.
             The game lasted 00:00:54 (1117 turns).

leafyfresh the Ducker (Octopode Wanderer)           Turns: 1117, Time: 00:00:55

Health: 0/23       AC:  1    Str: 11    XL:     3   Next: 0%
Magic:  3/3        EV: 11    Int: 14    God:
Gold:   85         SH:  0    Dex: 13    Spells: 2/2 levels left

rFire   . . .      SeeInvis .   a - +0 sling
rCold   . . .      Faith    .   (no shield)
rNeg    . . .      Spirit   .   d - +0 hat
rPois   .          Reflect  .   (no amulet)
rElec   .          Harm     .   (no ring)
rCorr   .          Rampage  .   (no ring)
Will    .....                   (no ring)
Stlth   ++........              (no ring)
HPRegen 0.07/turn               (no ring)
MPRegen 0.08/turn               (no ring)
                                (no ring)
                                (no ring)

@: constricted
A: almost no armour, amphibious, 8 rings, camouflage 1, gelatinous body 1,
(nimble swimmer 1), tentacles
a: no special abilities


You were on level 2 of the Dungeon.
You visited 1 branch of the dungeon, and saw 2 of its levels.

You collected 85 gold pieces.

Inventory:

Hand Weapons
 a - a +0 sling (weapon)
Armour
 d - a +0 hat (worn)
Scrolls
 f - a scroll of vulnerability {unknown}
 h - a scroll of enchant weapon {unknown}
 j - a scroll of magic mapping {unknown}
 k - a scroll of identify {unknown}
Potions
 b - a potion of might
 c - 2 potions of heal wounds
 e - a potion of lignification
 g - a potion of resistance {unknown}
 i - a potion of brilliance {unknown}


   Skills:
 + Level 1.4 Fighting
 + Level 2.3 Ranged Weapons
 + Level 1.4 Throwing
 + Level 3.2 Dodging
 + Level 3.2 Unarmed Combat


You had 2 spell levels left.
You didn't know any spells.
Your spell library contained the following spells:

 Spells                   Type           Power      Damage    Failure   Level
 Dazzling Flash           Conj/Hex       0%         N/A       65%         3
 Iskenderun's Mystic Bla  Conj/Tloc      0%         2d3       96%         4
 Starburst                Conj/Fire      0%         6d3       100%        6


Dungeon Overview and Level Annotations

Branches:
Dungeon (2/15)

Altars:


Innate Abilities, Weirdness & Mutations

You cannot wear most types of armour.
You are amphibious.
You can wear up to eight rings at the same time.
Your skin changes colour to match your surroundings (Stealth+).
Your rubbery body absorbs attacks. (AC +1, EV +1)
((You are camouflaged when in or above water. (Stealth+)))
You have tentacles for arms and can constrict up to eight enemies at once.


Message History

There is an open door here.
The bat hits you but does no damage. The bat attacks as you move away!
The bat closely misses you. The bat hits you but does no damage.
A rat comes into view.
The bat barely misses you. The bat attacks as you move away!
The bat closely misses you. The bat hits you but does no damage.
The bat barely misses you.
A ball python comes into view.
The bat completely misses you. The bat hits you but does no damage.
The rat misses you. The bat hits you but does no damage. The rat bites you.
The bat barely misses you. The rat bites you. The bat closely misses you.
The rat closely misses you. The bat barely misses you.
The bat hits you but does no damage. The rat closely misses you.
The bat barely misses you. The rat misses you. The bat misses you.
The rat misses you. The rat misses you. The bat closely misses you.
The rat bites you.
* * * LOW HITPOINT WARNING * * *
The bat closely misses you. The rat barely misses you. The bat misses you.
The rat barely misses you. The rat bites you.
* * * LOW HITPOINT WARNING * * *
The bat misses you. The ball python bites you.
* * * LOW HITPOINT WARNING * * *
The ball python barely misses you. The rat bites you but does no damage.
The bat barely misses you. The ball python barely misses you.
The ball python misses you. The rat bites you.
* * * LOW HITPOINT WARNING * * *
The ball python closely misses you. x2
The bat barely misses you. The rat misses you.
The ball python closely misses you. The ball python misses you.
The bat barely misses you. The rat misses you. The ball python misses you.
The ball python grabs you. The ball python constricts you.
* * * LOW HITPOINT WARNING * * *
The rat barely misses you. The ball python bites you.
You die...

#.# ####.#### ##+##
#.......# ##...##
#.##.##.#### ##
##.....###.##.##....#...
#.......##.##..........#
.......!.#.##...b...#..#
.........'......@r......
.........#.......S.##.##
#.......######.#..##
##...!.## ###..# ##...##
#.... ##+## #.#### #.#
#.# #.##### #.#
####.#...#


You could see a bat, a ball python and a rat.

Vanquished Creatures
  A dart slug (D:2)
  2 ball pythons (D:1)
  3 endoplasms (D:1)
  A hobgoblin (D:1)
  2 jackals (D:1)
  A quokka (D:1)
  3 bats
  A frilled lizard (D:2)
  A goblin (D:1)
  A kobold (D:1)
  6 rats (D:1)
22 creatures vanquished.

Notes
Turn   | Place    | Note
-------+----------+-------------------------------------------
     0 | D:1      | leafyfresh the Octopode Wanderer began the quest for the
                  | Orb.
     0 | D:1      | leafyfresh set off with the following items: a +0 sling, a
                  | potion of might, a potion of heal wounds, a +0 hat, a
                  | potion of lignification.
     0 | D:1      | Reached XP level 1. HP: 13/13 MP: 1/1
    58 | D:1      | Reached XP level 2. HP: 18/18 MP: 2/2
   850 | D:2      | Found a faded altar of an unknown god.
  1074 | D:2      | Reached XP level 3. HP: 13/23 MP: 3/3
  1114 | D:2      | HP: 1/23 [rat (1)]
  1117 | D:2      | Slain by a ball python

Illustrated notes

Levels and vault maps discovered:
D:1:      wander_arrival_fairy_ring, layout_loops_corners, dk_noncrumbling_2
D:2:      layout_loops_corners, hellmonk_ecumenical_altar_pennies_from_heaven,
          minmay_tetromino_o2

Action                   || total
-------------------------++-------
 Fire: Sling             ||    56
Armor: Skin              ||    14
Dodge: Dodged            ||    72
